 Dungeon Crawl Stone Soup version 0.29.1-2-gbd0b4ee654 (webtiles) character file.

Game seed: 8997925650215723479

61 xian the Trooper (level 4, -3/33 (40) HPs)
             Began as a Hill Orc Fighter on Oct 26, 2022.
             Slain by Edmund
             ... wielding a +1 flail of draining
              (6 damage)
             ... on level 4 of the Dungeon.
             The game lasted 00:02:32 (1589 turns).

xian the Trooper (Hill Orc Fighter)                 Turns: 1589, Time: 00:02:32

HP:   -3/33 (40)    AC:  7    Str: 20    XL:     4   Next: 7%
MP:   4/4           EV:  8    Int:  8    God:
Gold: 31            SH:  8    Dex: 10    Spells: 3/3 levels left

rFire   . . .      SeeInvis .   a - +0 war axe
rCold   . . .      Faith    .   m - +0 kite shield
rNeg    . . .      Spirit   .   b - +0 scale mail
rPois   .          Reflect  .   n - +0 hat
rElec   .          Harm     .   (no cloak)
rCorr   .          Rampage  .   (no gloves)
Will    .....                   (no boots)
Stlth   ..........              (no amulet)
HPRegen 0.11/turn               (no ring)
MPRegen 0.09/turn               (no ring)

@: heavily drained
A: no striking features
a: no special abilities


You were on level 4 of the Dungeon.
You visited 1 branch of the dungeon, and saw 3 of its levels.

You collected 31 gold pieces.

Inventory:

Hand Weapons
 a - a +0 war axe (weapon)
 h - a +0 short sword of distortion
Armour
 b - a +0 scale mail (worn)
 m - a +0 kite shield (worn)
 n - a +0 hat (worn)
Scrolls
 f - a scroll of teleportation {unknown}
 k - a scroll of amnesia
Potions
 c - a potion of curing {unknown}
 d - a potion of might
 e - a potion of flight {unknown}
 i - a potion of berserk rage {unknown}
 j - a potion of heal wounds {unknown}
 l - a potion of mutation {unknown}


   Skills:
 + Level 4.1 Fighting
 + Level 3.8 Axes
 + Level 3.9 Armour
 + Level 0.1 Dodging
 + Level 3.8 Shields


You had 3 spell levels left.
You didn't know any spells.
Your spell library was empty.

Dungeon Overview and Level Annotations

Branches:
Dungeon (2/15)

Altars:

Annotations:
D:4 Edmund


Message History

Edmund says, "I'm quite good with sums, too."
You block Edmund's attack.
You throw a poisoned dart. The poisoned dart barely misses Edmund.
You block Edmund's attack.
You throw a poisoned dart. The poisoned dart barely misses Edmund.
Edmund barely misses you.
You throw a poisoned dart. The poisoned dart barely misses Edmund.
Edmund hits you with a +1 flail of draining.
You feel drained.
Edmund hits you with a +1 flail of draining!
You feel drained.
You throw a poisoned dart. The poisoned dart hits Edmund.
Edmund is poisoned.
You block Edmund's attack.
You throw a poisoned dart. The poisoned dart hits Edmund.
Edmund looks even sicker.
Edmund is lightly wounded.
Edmund gestures with his flail.
Edmund hits you with a +1 flail of draining.
You feel drained.
Nothing quivered!
Nothing quivered!
Unknown command.
You slash Edmund!
Edmund is moderately wounded.
Edmund closely misses you.
You hit Edmund but do no damage.
Edmund is moderately wounded.
You block Edmund's attack.
Edmund hits you with a +1 flail of draining!
You feel drained.
You barely miss Edmund.
Edmund is moderately wounded.
Edmund hits you with a +1 flail of draining!
* * * LOW HITPOINT WARNING * * *
You feel drained.
* * * LOW HITPOINT WARNING * * *
You barely miss Edmund.
Edmund is moderately wounded.
Edmund hits you with a +1 flail of draining.
You die...

#..### ##.#####
#....## #(.....
#.....# #.....
#.....# #....
#.....## ##...
#......## ##.?.#
#.......# #..@.#
#.......# #..@.#
#...##... #....#
#...##+####....+
#........##....#
#........##....#
#.........)....#
#...#######....#
#...# #.....#
...... ##....#


You could see Edmund (poisoned).

Vanquished Creatures
  An iguana (D:4)
  An adder (D:2)
  2 dart slugs (D:1)
  2 endoplasms (D:1)
  A goblin (D:4)
  3 hobgoblins
  4 ball pythons
  A bat (D:2)
  3 frilled lizards
  5 kobolds
  2 rats
25 creatures vanquished.

Notes
Turn   | Place    | Note
-------+----------+-------------------------------------------
     0 | D:1      | xian the Hill Orc Fighter began the quest for the Orb.
     0 | D:1      | Reached XP level 1. HP: 19/19 MP: 1/1
   345 | D:1      | Reached XP level 2. HP: 20/27 MP: 2/2
  1091 | D:2      | Reached XP level 3. HP: 33/33 MP: 3/3
  1239 | D:2      | Reached skill level 4 in Fighting
  1311 | D:2      | You fall into a shaft and drop 2 floors!
  1330 | D:4      | Reached XP level 4. HP: 8/40 MP: 4/4
  1577 | D:4      | Noticed Edmund
  1589 | D:4      | Slain by Edmund

Illustrated notes

Levels and vault maps discovered:
D:1:      lemuel_arrival_river_ford, layout_loops_corners, minmay_misc_feat_five
D:2:      layout_loops_corners
D:4:      layout_gridville, chequers_temple_overflow_minitemple,
          mainiacjoe_overflow_alcove_2, kennysheep_generic_room_12, uniq_edmund

Skill      XL: |  1  2  3 |
---------------+----------+-----
Axes           | 3 |  3.8
Fighting       | 4 |  4.1
Armour         | |  3.9
Dodging        | |  0.1
Shields        | |  3.8

Action                   |  1- 3 |  4- 6 || total
-------------------------+-------+-------++-------
Melee: War axe           |    66 |     5 ||    71
Throw: Dart              |     4 |     5 ||     9
  Use: Scroll            |     1 |       ||     1
Armor: Scale mail        |    35 |       ||    35
Dodge: Dodged            |    33 |     2 ||    35
Block: Buckler           |     9 |       ||     9
       Kite shield       |     3 |     4 ||     7
